 Dungeon Crawl Stone Soup version 0.28.0-47-ge53b351184 (webtiles) character file.

Game seed: 4249344041069594829

198 GigaChad the Covered (level 5, -13/47 HPs)
             Began as a Minotaur Fighter on May 10, 2022.
             Mangled by a small abomination (18 damage)
             ... on level 1 of the Abyss.
             The game lasted 00:07:14 (2974 turns).

GigaChad the Covered (Minotaur Fighter)             Turns: 2974, Time: 00:07:14

Health: -13/47     AC:  7    Str: 20    XL:     5   Next: 47%
Magic:  4/4        EV: 13    Int:  5    God:
Gold:   55         SH:  5    Dex: 12    Spells: 4/4 levels left

rFire   . . .      SeeInvis .   a - +0 long sword
rCold   . . .      Faith    .   c - +0 buckler
rNeg    . . .      Spirit   .   b - +0 scale mail
rPois   .          Reflect  .   (helmet restricted)
rElec   .          Harm     .   (no cloak)
rCorr   .          Rampage  .   (no gloves)
Will    .....                   (no boots)
Stlth   ..........              (no amulet)
HPRegen 0.15/turn               g - +4 ring of evasion
MPRegen 0.09/turn               (no ring)

@: no status effects
A: horns 2, retaliatory headbutt
a: no special abilities


You were on level 1 of the Abyss.
You visited 1 branch of the dungeon, and saw 3 of its levels.
You visited the Abyss 1 time.

You collected 55 gold pieces.

Inventory:

Hand Weapons
 a - a +0 long sword (weapon)
Armour
 b - a +0 scale mail (worn)
 c - a +0 buckler (worn)
Jewellery
 f - a ring of fire
 g - a +4 ring of evasion (left hand)
Scrolls
 e - 2 scrolls of noise
 h - a scroll of magic mapping {unknown}
 i - a scroll of blinking
 j - a scroll of amnesia {unknown}
 k - a scroll of summoning {unknown}
 l - a scroll of fear {unknown}
Potions
 d - a potion of might
 m - a potion of degeneration {unknown}
 n - a potion of mutation {unknown}
 o - a potion of invisibility {unknown}


   Skills:
 + Level 4.4 Fighting
 + Level 4.4 Long Blades
 + Level 5.0 Armour
 + Level 1.1 Dodging
 + Level 0.2 Stealth
 + Level 4.3 Shields


You had 4 spell levels left.
You didn't know any spells.
Your spell library was empty.

Dungeon Overview and Level Annotations

Branches:
Dungeon (3/15)

Altars:
Qazlal
Wu Jian
Lugonu

Portals:
Abyss: D:3


Innate Abilities, Weirdness & Mutations

You have a pair of horns on your head.
You reflexively headbutt those who attack you in melee.


Message History

Found a corrupted altar of Lugonu.
You slash the lurking horror!
Your body is wracked with pain!
You hit the lurking horror.
Your body is wracked with pain!
* * * LOW HITPOINT WARNING * * *
You start resting.
You start resting.
HP restored.
You start waiting.
Done waiting.
There is a one-way gate to the infinite horrors of the Abyss here.
There is a corrupted altar of Lugonu here.
There is a one-way gate to the infinite horrors of the Abyss here.
If you enter this portal you might not be able to return immediately.
Continue? [Y]es or [N]o only, please.
If you enter this portal you might not be able to return immediately.
Continue?
This branch contains the abyssal rune of Zot.
Found a corrupted altar of Lugonu.
Found a gateway leading deeper into the Abyss.
There is a gateway leading deeper into the Abyss here.
You open the door.
There is an open door here.
A small abomination comes into view.
You hit the small abomination but do no damage.
The small abomination hits you!
You block the small abomination's attack.
You barely miss the small abomination. You headbutt the small abomination!
The small abomination is moderately damaged.
The small abomination hits you.
You hit the small abomination.
The small abomination is heavily damaged.
The small abomination hits you!
You hit the small abomination but do no damage.
The small abomination is heavily damaged.
The small abomination barely misses you.
The small abomination hits you!
* * * LOW HITPOINT WARNING * * *
You hit the small abomination.
The small abomination is severely damaged.
The small abomination hits you!!
You die...

#.. . ..## #
#.#..... ....
#.#... .......
#.##'####.....
#..#.# .....
#.#.# ....
#...### ..#.
##x...# ..
#@...+ #....#
#....# #....#
#....# #....#
#....# ######


You could see a small abomination.

Vanquished Creatures
  A black bear (D:3)
  A hound skeleton (D:2)
  2 adders (D:2)
  A worm (D:2)
  4 dart slugs (D:1)
  An orc (D:3)
  A ball python (D:2)
  3 bats
  9 endoplasms
  2 giant cockroaches
  5 goblins
  4 hobgoblins
  6 jackals (D:1)
  2 quokkas (D:2)
  6 frilled lizards
  6 kobolds
  7 rats
  2 lurking horrors (D:3)
63 creatures vanquished.

Vanquished Creatures (others)
  5 plants (D:3)
5 creatures vanquished.

Grand Total: 68 creatures vanquished

Notes
Turn   | Place    | Note
-------+----------+-------------------------------------------
     0 | D:1      | GigaChad the Minotaur Fighter began the quest for the Orb.
     0 | D:1      | Reached XP level 1. HP: 19/19 MP: 0/0
     6 | D:1      | Noticed a rime drake
     6 | D:1      | Noticed a water moccasin
     7 | D:1      | Noticed a hound
     7 | D:1      | Noticed a snapping turtle
   167 | D:1      | Reached skill level 4 in Armour
   167 | D:1      | Reached XP level 2. HP: 23/27 MP: 1/1
   409 | D:1      | Reached XP level 3. HP: 31/33 MP: 2/2
  1424 | D:2      | Found a faded altar of an unknown god.
  1629 | D:2      | Reached XP level 4. HP: 35/40 MP: 3/3
  2311 | D:3      | Found an ornate altar of the Wu Jian Council.
  2334 | D:3      | Noticed a water elemental
  2336 | D:3      | Found a stormy altar of Qazlal.
  2338 | D:3      | Noticed an earth elemental
  2338 | D:3      | Noticed a fire elemental
  2338 | D:3      | Noticed an air elemental
  2423 | D:3      | Noticed a black bear
  2431 | D:3      | Killed a black bear
  2432 | D:3      | Reached skill level 5 in Armour
  2432 | D:3      | Reached skill level 1 in Dodging
  2432 | D:3      | Reached XP level 5. HP: 39/47 MP: 4/4
  2585 | D:3      | Found a one-way gate to the infinite horrors of the Abyss.
  2589 | D:3      | Found a corrupted altar of Lugonu.
  2931 | D:3      | Voluntarily entered the Abyss.
  2932 | Abyss:1  | Found a corrupted altar of Lugonu.
  2965 | Abyss:1  | Noticed a small abomination
  2974 | Abyss:1  | Mangled by a small abomination

Illustrated notes

Levels and vault maps discovered:
D:1:      onia_arrival_zoo_common, layout_basic
D:2:      layout_basic, ebering_ecumenical_altar_webs
D:3:      layout_rooms, mainiacjoe_overflow_alcove_4,
          nicolae_qazlal_style_of_elements, amcnicky_altar_lugonu_corruption
Abyss:1:  base:
D:1

Skill      XL: |  1  2  3  4 |
---------------+-------------+-----
Armour         | 4 5 |  5.0
Fighting       | 4 |  4.4
Shields        | 4 |  4.3
Long Blades    | 3 4 |  4.4
Dodging        | 1 |  1.1
Stealth        | |  0.2

Action                   |  1- 3 |  4- 6 || total
-------------------------+-------+-------++-------
Melee: Long sword        |    80 |    54 ||   134
       Headbutt          |    10 |     9 ||    19
  Use: Scroll            |     3 |       ||     3
Armor: Scale mail        |    40 |    19 ||    59
Dodge: Dodged            |    54 |    35 ||    89
Block: Buckler           |    18 |    14 ||    32
